| TOP OF THE 1ST |
|
Elizabethton Twins batting - Pitching for Oakland (APP) Athletics : LHP Noah Young
|
|
Pitching: LHP Noah Young
|
|
|
Batting: SHB Nadhir Umayr
|
0-0: Ball 1-0: Ball 2-0: Ball 3-0: Base on Balls
|
|
Batting: LHB George Roben
|
0-0: Ball 1-0: Called Strike 1-1: Ball 2-1: Foul Ball, location: 2F 2-2: Foul Ball, location: 2F 2-2: Foul Ball, location: 2F 2-2: Ball 3-2: Hit by Pitch Nadhir Umayr to second
|
|
Batting: RHB Ryan Starks
|
0-0: Swinging Strike 0-1: Foul Ball, location: 2F 0-2: Ball 1-2: Ball 2-2: Strikes out swinging
|
|
Batting: RHB Ratko Macura
|
0-0: Ball 1-0: Foul Ball, location: 2F 1-1: Swinging Strike 1-2: Ball 2-2: Ball 3-2: Grounds into double play, 3-6-1 (Groundball, 34, EV 85.6 MPH)
|
| Top of the 1st over - 0 runs, 0 hits, 0 errors, 1 left on base; Elizabethton 0 - Oakland (APP) 0 |
| BOTTOM OF THE 1ST |
|
Oakland (APP) Athletics batting - Pitching for Elizabethton Twins : LHP Chris Smith
|
|
Pitching: LHP Chris Smith
|
|
|
Batting: RHB Chris Bohm
|
0-0: Foul Ball, location: 2F 0-1: Called Strike 0-2: Ball 1-2: Foul Ball, location: 2F 1-2: Ball 2-2: Strikes out swinging
|
|
Batting: RHB Scott Lister
|
0-0: Called Strike 0-1: Ball 1-1: DOUBLE (Line Drive, 7LM, EV 108.1 MPH)
|
|
Batting: LHB Alejandro Muniz
|
0-0: Ball 1-0: Called Strike 1-1: Fly out, F9 (Line Drive, 9S, EV 88.8 MPH)
|
|
Batting: LHB Marcus Pollard
|
0-0: Ball 1-0: Ground out 6-3 (Groundball, 6, EV 103.1 MPH)
|
| Bottom of the 1st over - 0 runs, 1 hit, 0 errors, 1 left on base; Elizabethton 0 - Oakland (APP) 0 |
| TOP OF THE 2ND |
|
Elizabethton Twins batting - Pitching for Oakland (APP) Athletics : LHP Noah Young
|
|
Batting: LHB David Ramos
|
0-0: Called Strike 0-1: Ball 1-1: Ball 2-1: Ball 3-1: Foul Ball, location: 2F 3-2: Ground out 6-3 (Groundball, 6, EV 80.6 MPH)
|
|
Batting: RHB Nestor Moreno
|
0-0: Ball 1-0: Ball 2-0: Swinging Strike 2-1: Ground out 5-3 (Groundball, 56, EV 85.0 MPH)
|
|
Batting: LHB Jose Hilario
|
0-0: Fly out, F8 (Flyball, 78D, EV 101.2 MPH)
|
| Top of the 2nd over - 0 runs, 0 hits, 0 errors, 0 left on base; Elizabethton 0 - Oakland (APP) 0 |
| BOTTOM OF THE 2ND |
|
Oakland (APP) Athletics batting - Pitching for Elizabethton Twins : LHP Chris Smith
|
|
Batting: RHB Jake Leffel
|
0-0: Called Strike 0-1: Reached on error, E1 (Groundball, 34S, EV 68.8 MPH)
|
|
Batting: LHB Brian Puccio
|
0-0: Ball 1-0: Foul Ball, location: 2F 1-1: Foul Ball, location: 2F 1-2: Fielders Choice at 2nd, 4-6 (Groundball, 4, EV 88.8 MPH)
|
|
Batting: RHB Rafael Alarcon
|
0-0: Fielders Choice at 2nd, 4-6 (Groundball, 4, EV 82.5 MPH)
|
|
Batting: RHB Ryan Jennings
|
0-0: Swinging Strike 0-1: Ball 1-1: 2-RUN HOME RUN (Flyball, 78XD, EV 100.0 MPH), Distance : 420 ft
|
|
Batting: RHB Alberto Malagon
|
0-0: Ball 1-0: Ball 2-0: Foul Ball, location: 2F 2-1: Ground out 5-3 (Groundball, 5, EV 77.5 MPH)
|
| Bottom of the 2nd over - 2 runs, 1 hit, 1 error, 0 left on base; Elizabethton 0 - Oakland (APP) 2 |
| TOP OF THE 3RD |
|
Elizabethton Twins batting - Pitching for Oakland (APP) Athletics : LHP Noah Young
|
|
Batting: RHB Jorge Corte
|
0-0: SINGLE (Groundball, 6MD, EV 99.4 MPH)
|
|
Batting: SHB Ed Mosqueda
|
0-0: Grounds into double play, 5-4-3 (Groundball, 5, EV 81.9 MPH)
|
|
Batting: SHB Nadhir Umayr
|
0-0: Ball 1-0: Ball 2-0: Foul Ball, location: 2F 2-1: Swinging Strike 2-2: Ball 3-2: Foul Ball, location: 2F 3-2: Ground out 4-3 (Groundball, 4, EV 75.6 MPH)
|
| Top of the 3rd over - 0 runs, 1 hit, 0 errors, 0 left on base; Elizabethton 0 - Oakland (APP) 2 |
| BOTTOM OF THE 3RD |
|
Oakland (APP) Athletics batting - Pitching for Elizabethton Twins : LHP Chris Smith
|
|
Batting: RHB Chris Bohm
|
0-0: Ball 1-0: Ball 2-0: Ball 3-0: Called Strike 3-1: Called Strike 3-2: Foul Ball, location: 2F 3-2: Ground out 4-3 (Groundball, 4, EV 95.0 MPH)
|
|
Batting: RHB Scott Lister
|
0-0: Ball 1-0: Ball 2-0: Ball 3-0: Called Strike 3-1: Base on Balls
|
|
Batting: LHB Alejandro Muniz
|
0-0: Ball 1-0: Called Strike 1-1: SINGLE (Groundball, 34D, EV 98.1 MPH) Scott Lister to second Runner from 2nd tries for 3rd, SAFE, throw by RF made to third
|
|
Batting: LHB Marcus Pollard
|
0-0: Fly out, F9 (Flyball, 9, EV 86.9 MPH) Runner from 3rd tags up, SCORES, throw by RF
|
|
Batting: RHB Jake Leffel
|
0-0: Foul Ball, location: 2F 0-1: Ball 1-1: Foul Ball, location: 2F 1-2: Foul Ball, location: 2F 1-2: Ball 2-2: Ball 3-2: Foul Ball, location: 2F 3-2: SINGLE (Line Drive, 5D, EV 96.2 MPH) Alejandro Muniz to second Alejandro Muniz to third
|
|
Batting: LHB Brian Puccio
|
0-0: Ball Wild Pitch! Alejandro Muniz scores Jake Leffel to second 1-0: Ball 2-0: Ball 3-0: Base on Balls
|
|
Batting: RHB Rafael Alarcon
|
0-0: Ball 1-0: Ball 2-0: Foul Ball, location: 2F 2-1: Called Strike 2-2: Ball 3-2: Strikes out swinging
|
| Bottom of the 3rd over - 2 runs, 2 hits, 0 errors, 2 left on base; Elizabethton 0 - Oakland (APP) 4 |
| TOP OF THE 4TH |
|
Elizabethton Twins batting - Pitching for Oakland (APP) Athletics : LHP Noah Young
|
|
Batting: LHB George Roben
|
0-0: Swinging Strike 0-1: Ball 1-1: Called Strike 1-2: Ground out 1-3 (Groundball, 15S, EV 77.5 MPH)
|
|
Batting: RHB Ryan Starks
|
0-0: Ball 1-0: Foul Ball, location: 2F 1-1: Ball 2-1: Ball 3-1: SOLO HOME RUN (Flyball, 89XD, EV 100.6 MPH), Distance : 386 ft
|
|
Batting: RHB Ratko Macura
|
0-0: Ground out 1-3 (Groundball, 15S, EV 72.5 MPH)
|
|
Batting: LHB David Ramos
|
0-0: Ball 1-0: Ground out 4-3 (Groundball, 34D, EV 106.2 MPH)
|
| Top of the 4th over - 1 run, 1 hit, 0 errors, 0 left on base; Elizabethton 1 - Oakland (APP) 4 |
| BOTTOM OF THE 4TH |
|
Oakland (APP) Athletics batting - Pitching for Elizabethton Twins : LHP Chris Smith
|
|
Batting: RHB Ryan Jennings
|
0-0: Ball 1-0: Ball 2-0: Ball 3-0: Called Strike 3-1: Fly out, F3 (Popup, 3F, EV 73.1 MPH)
|
|
Batting: RHB Alberto Malagon
|
0-0: Called Strike 0-1: Called Strike 0-2: Strikes out swinging
|
|
Batting: RHB Chris Bohm
|
0-0: Called Strike 0-1: Foul Ball, location: 2F 0-2: Fly out, F7 (Flyball, 7S, EV 81.9 MPH)
|
| Bottom of the 4th over - 0 runs, 0 hits, 0 errors, 0 left on base; Elizabethton 1 - Oakland (APP) 4 |
| TOP OF THE 5TH |
|
Elizabethton Twins batting - Pitching for Oakland (APP) Athletics : LHP Noah Young
|
|
Batting: RHB Nestor Moreno
|
0-0: Called Strike 0-1: Ball 1-1: Swinging Strike 1-2: Ball 2-2: Strikes out swinging
|
|
Batting: LHB Jose Hilario
|
0-0: Called Strike 0-1: Swinging Strike 0-2: Ground out U3 (Groundball, 3, EV 88.1 MPH)
|
|
Batting: RHB Jorge Corte
|
0-0: Called Strike 0-1: Foul Ball, location: 2F 0-2: Strikes out swinging
|
| Top of the 5th over - 0 runs, 0 hits, 0 errors, 0 left on base; Elizabethton 1 - Oakland (APP) 4 |
| BOTTOM OF THE 5TH |
|
Oakland (APP) Athletics batting - Pitching for Elizabethton Twins : LHP Chris Smith
|
|
Batting: RHB Scott Lister
|
0-0: Fly out, F7 (Flyball, 78S, EV 80.6 MPH)
|
|
Batting: LHB Alejandro Muniz
|
0-0: Ball 1-0: Swinging Strike 1-1: Ground out 5-3 (Groundball, 56, EV 85.0 MPH)
|
|
Batting: LHB Marcus Pollard
|
0-0: Ball 1-0: Ball 2-0: Ball 3-0: Called Strike 3-1: Called Strike 3-2: Fly out, F7 (Line Drive, 78S, EV 109.4 MPH)
|
| Bottom of the 5th over - 0 runs, 0 hits, 0 errors, 0 left on base; Elizabethton 1 - Oakland (APP) 4 |
| TOP OF THE 6TH |
|
Elizabethton Twins batting - Pitching for Oakland (APP) Athletics : LHP Noah Young
|
|
Batting: SHB Ed Mosqueda
|
0-0: Ball 1-0: Foul Ball, location: 2F 1-1: Ball 2-1: Called Strike 2-2: Ball 3-2: Foul Ball, location: 2F 3-2: Base on Balls
|
|
Batting: SHB Nadhir Umayr
|
0-0: Called Strike 0-1: Ball Ed Mosqueda is caught stealing 2nd base 2-4 1-1: Foul Ball, location: 2F 1-2: Strikes out looking
|
|
Batting: LHB George Roben
|
0-0: Ball 1-0: Foul Ball, location: 2F 1-1: Foul Ball, location: 2F 1-2: Ball 2-2: Ball 3-2: Foul Ball, location: 2F 3-2: Fly out, F3 (Line Drive, 3L, EV 63.8 MPH)
|
| Top of the 6th over - 0 runs, 0 hits, 0 errors, 0 left on base; Elizabethton 1 - Oakland (APP) 4 |
| BOTTOM OF THE 6TH |
|
Oakland (APP) Athletics batting - Pitching for Elizabethton Twins : LHP Chris Smith
|
|
Pitching: RHP Karel Braaksma
|
|
|
Batting: RHB Jake Leffel
|
0-0: SINGLE (Groundball, 4MD, EV 99.4 MPH)
|
|
Batting: LHB Brian Puccio
|
0-0: Foul Ball, location: 2F 0-1: Swinging Strike 0-2: Ball 1-2: 2-RUN HOME RUN (Flyball, 9D, EV 95.6 MPH), Distance : 347 ft
|
|
Batting: RHB Rafael Alarcon
|
0-0: Swinging Strike 0-1: Swinging Strike 0-2: Ball 1-2: Strikes out swinging
|
|
Batting: RHB Ryan Jennings
|
0-0: Fly out, F5 (Line Drive, 5L, EV 70.6 MPH)
|
|
Batting: RHB Alberto Malagon
|
0-0: Foul Ball, location: 2F 0-1: Ball 1-1: SINGLE (Line Drive, 4D, EV 108.8 MPH)
|
|
Batting: RHB Chris Bohm
|
0-0: Ground out 2-3 (Groundball, 15S, EV 62.5 MPH)
|
| Bottom of the 6th over - 2 runs, 3 hits, 0 errors, 1 left on base; Elizabethton 1 - Oakland (APP) 6 |
| TOP OF THE 7TH |
|
Elizabethton Twins batting - Pitching for Oakland (APP) Athletics : LHP Noah Young
|
|
Batting: RHB Ryan Starks
|
0-0: Ball 1-0: Ball 2-0: SOLO HOME RUN (Flyball, 7D, EV 100.6 MPH), Distance : 395 ft
|
|
Batting: RHB Ratko Macura
|
0-0: Foul Ball, location: 2F 0-1: Foul Ball, location: 2F 0-2: Strikes out swinging
|
|
Batting: LHB David Ramos
|
0-0: Fly out, F7 (Flyball, 78S, EV 91.9 MPH)
|
|
Batting: RHB Nestor Moreno
|
0-0: Ball 1-0: Foul Ball, location: 2F 1-1: Called Strike 1-2: Strikes out swinging
|
| Top of the 7th over - 1 run, 1 hit, 0 errors, 0 left on base; Elizabethton 2 - Oakland (APP) 6 |
| BOTTOM OF THE 7TH |
|
Oakland (APP) Athletics batting - Pitching for Elizabethton Twins : RHP Karel Braaksma
|
|
Batting: RHB Scott Lister
|
0-0: Foul Ball, location: 2F 0-1: Foul Ball, location: 2F 0-2: Strikes out swinging
|
|
Batting: LHB Alejandro Muniz
|
0-0: Called Strike 0-1: Fly out, F7 (Flyball, 7, EV 87.5 MPH)
|
|
Batting: LHB Marcus Pollard
|
0-0: Ball 1-0: DOUBLE (Flyball, 8LXD, EV 97.5 MPH)
|
|
Batting: RHB Jake Leffel
|
0-0: Ball 1-0: SINGLE (Line Drive, 89M, EV 90.0 MPH) Marcus Pollard to third
|
|
Batting: LHB Brian Puccio
|
0-0: Called Strike 0-1: Foul Ball, location: 2F 0-2: Foul Ball, location: 2F 0-2: Ball 1-2: Ball 2-2: Foul Ball, location: 2F 2-2: Foul Ball, location: 2F 2-2: Ball 3-2: Ground out 5-3 (Groundball, 56S, EV 78.1 MPH)
|
| Bottom of the 7th over - 0 runs, 2 hits, 0 errors, 2 left on base; Elizabethton 2 - Oakland (APP) 6 |
| TOP OF THE 8TH |
|
Elizabethton Twins batting - Pitching for Oakland (APP) Athletics : LHP Noah Young
|
|
Pitching: LHP Hector Perdomo
|
|
|
Batting: LHB Jose Hilario
|
0-0: Ball 1-0: Foul Ball, location: 2F 1-1: SINGLE (Groundball, 34D, EV 103.1 MPH)
|
|
Batting: RHB Jorge Corte
|
0-0: Ball 1-0: Called Strike 1-1: Foul Ball, location: 2F 1-2: Strikes out looking
|
|
Batting: SHB Ed Mosqueda
|
0-0: Called Strike 0-1: Foul Ball, location: 2F 0-2: Foul Ball, location: 2F 0-2: Fielders Choice at 2nd, 1-4 (Groundball, 15S, EV 70.0 MPH)
|
|
Batting: SHB Nadhir Umayr
|
0-0: Called Strike 0-1: Ball 1-1: Foul Ball, location: 2F 1-2: Foul Ball, location: 2F 1-2: Ball 2-2: Foul Ball, location: 2F 2-2: Strikes out swinging
|
| Top of the 8th over - 0 runs, 1 hit, 0 errors, 1 left on base; Elizabethton 2 - Oakland (APP) 6 |
| BOTTOM OF THE 8TH |
|
Oakland (APP) Athletics batting - Pitching for Elizabethton Twins : RHP Karel Braaksma
|
|
Batting: RHB Rafael Alarcon
|
0-0: Fly out, F9 (Line Drive, 9S, EV 87.5 MPH)
|
|
Batting: RHB Ryan Jennings
|
0-0: Called Strike 0-1: Called Strike 0-2: Ball 1-2: Foul Ball, location: 2F 1-2: Foul Ball, location: 2F 1-2: Ball 2-2: Foul Ball, location: 2F 2-2: Ground out 1-3 (Groundball, 15S, EV 66.9 MPH)
|
|
Batting: RHB Alberto Malagon
|
0-0: Ball 1-0: SINGLE (Groundball, 56D, EV 104.4 MPH)
|
|
Batting: RHB Chris Bohm
|
0-0: Ball 1-0: Called Strike 1-1: Ball 2-1: Foul Ball, location: 2F 2-2: Fly out, F9 (Line Drive, 9D, EV 92.5 MPH)
|
| Bottom of the 8th over - 0 runs, 1 hit, 0 errors, 1 left on base; Elizabethton 2 - Oakland (APP) 6 |
| TOP OF THE 9TH |
|
Elizabethton Twins batting - Pitching for Oakland (APP) Athletics : LHP Hector Perdomo
|
|
Batting: LHB George Roben
|
0-0: Called Strike 0-1: Ball 1-1: SINGLE (Line Drive, 7S, EV 96.2 MPH)
|
|
Batting: RHB Ryan Starks
|
0-0: Called Strike 0-1: Called Strike 0-2: Ball 1-2: Ball 2-2: Ball 3-2: Base on Balls George Roben to second
|
|
Pitching: RHP Andy Teague
|
|
|
Batting: RHB Ratko Macura
|
0-0: Ball 1-0: Called Strike 1-1: Ball 2-1: Called Strike 2-2: Strikes out swinging
|
|
Batting: LHB David Ramos
|
0-0: Ball 1-0: Ball 2-0: Ball 3-0: Called Strike 3-1: Base on Balls George Roben to third Ryan Starks to second
|
|
Pinch Hitting: RHB Nate Matson
|
0-0: Foul Ball, location: 2F 0-1: Swinging Strike 0-2: Ball 1-2: Ball 2-2: Reached on error, E5 (Groundball, 56S, EV 80.6 MPH) George Roben scores Ryan Starks to third David Ramos to second
|
|
Batting: LHB Jose Hilario
|
0-0: Called Strike 0-1: GRAND SLAM HOME RUN (Flyball, 89XD, EV 100.6 MPH), Distance : 386 ft
|
|
Batting: RHB Jorge Corte
|
0-0: Foul Ball, location: 2F 0-1: Called Strike 0-2: Strikes out swinging
|
|
Batting: SHB Ed Mosqueda
|
0-0: Ball 1-0: Called Strike 1-1: Called Strike 1-2: Ground out U3 (Groundball, 3, EV 105.0 MPH)
|
| Top of the 9th over - 5 runs, 2 hits, 1 error, 0 left on base; Elizabethton 7 - Oakland (APP) 6 |
| BOTTOM OF THE 9TH |
|
Oakland (APP) Athletics batting - Pitching for Elizabethton Twins : RHP Karel Braaksma
|
|
Pitching: RHP Ron Didkowsky
|
|
|
Now in CF: Jose Hilario
|
|
|
Now in RF: Bill Lorimer
|
|
|
Batting: RHB Scott Lister
|
0-0: Ball 1-0: Foul Ball, location: 2F 1-1: Ball 2-1: Ball 3-1: Fly out, F6 (Popup, P, EV 78.1 MPH)
|
|
Batting: LHB Alejandro Muniz
|
0-0: Ball 1-0: Called Strike 1-1: Swinging Strike 1-2: Ball 2-2: Ball 3-2: Foul Ball, location: 2F 3-2: Base on Balls
|
|
Batting: LHB Marcus Pollard
|
0-0: Ball 1-0: Foul Ball, location: 2F 1-1: Ball 2-1: Ground out 6-3 (Groundball, 6M, EV 90.6 MPH) Alejandro Muniz to second
|
|
Pinch Hitting: LHB Roscoe Romaine
|
0-0: Called Strike 0-1: Ball 1-1: Foul Ball, location: 2F 1-2: Foul Ball, location: 2F 1-2: Ground out 4-3 (Groundball, 4, EV 83.8 MPH)
|
| Bottom of the 9th over - 0 runs, 0 hits, 0 errors, 1 left on base; Elizabethton 7 - Oakland (APP) 6 |
|